 Dungeon Crawl Stone Soup version 0.18.1-50-g88ac8fd (webtiles) character file.

215 yungnami the Slasher (level 5, 0/45 HPs)
             Began as a Hill Orc Gladiator on Oct 3, 2016.
             Slain by Duvessa
             ... wielding a +0 short sword
              (4 damage)
             ... on level 4 of the Dungeon.
             The game lasted 00:05:32 (837 turns).

yungnami the Slasher (Hill Orc Gladiator)            Turns: 837, Time: 00:05:33

Health: 0/45       AC:  7    Str: 19    XL:     5   Next: 92%
Magic:  5/5        EV: 11    Int:  8    God:
Gold:   84         SH:  0    Dex: 11    Spells: 0 memorised, 4 levels left

rFire  . . .     SeeInvis .     a - +0 long sword
rCold  . . .     Gourm    .     j - +0 scale mail
rNeg   . . .     Faith    .     (no shield)
rPois  .         Spirit   .     c - +0 helmet
rElec  .         Dismiss  .     (no cloak)
rCorr  .         Reflect  .     (no gloves)
SustAt .         Harm     .     (no boots)
MR     .....                    (no amulet)
Stlth  ..........               (no ring)
                                (no ring)

@: not resistant to hostile enchantments, extremely unstealthy
A: no striking features
a: no special abilities


You were on level 4 of the Dungeon.
You were not hungry.

You visited 1 branch of the dungeon, and saw 4 of its levels.

You collected 84 gold pieces.

Inventory:

Hand Weapons
 a - a +0 long sword (weapon)
Armour
 b - a +0 leather armour
 c - a +0 helmet (worn)
 j - a +0 scale mail (worn)
Scrolls
 e - 2 scrolls of remove curse
 h - a scroll of immolation {unknown}
 i - a scroll of magic mapping {swag}
 n - a scroll of teleportation {unknown}
Potions
 l - a potion of lignification
Books
 k - a book of the Sky

   Spells                             Type                      Level
   a - Summon Lightning Spire         Summoning/Air                4
   b - Airstrike                      Air                          4
   c - Silence                        Hexes/Air                    5
   d - Deflect Missiles               Charms/Air                   6
   e - Conjure Ball Lightning         Conjuration/Air              6
   f - Tornado                        Air                          9
Comestibles
 f - 4 bread rations
 g - a meat ration
 m - 2 chunks of flesh


   Skills:
 + Level 3.5 Fighting
 + Level 4.5 Long Blades
 + Level 2.0 Throwing
 + Level 1.5 Armour
 + Level 3.7 Dodging
 + Level 1.0 Stealth


You had 4 spell levels left.
You didn't know any spells.

Dungeon Overview and Level Annotations

Branches:
Dungeon (4/15)
 Temple: D:4-7

Altars:
Cheibriados

Annotations:
D:4 Dowan, Duvessa


Message History

Duvessa is heavily wounded.
Duvessa hits you with a short sword. The hound bites you.
Duvessa hits you with a short sword.
* * * LOW HITPOINT WARNING * * *
You are too injured to fight recklessly!
You are too injured to fight recklessly!
Your scale mail prevents you from hitting the hound.
The hound bites you but does no damage. x2
Duvessa hits you with a short sword!
* * * LOW HITPOINT WARNING * * *
You slash the hound!
The hound is heavily wounded.
The hound bites you but does no damage. Duvessa hits you but does no damage.
The hound bites you but does no damage.
You slash the hound!
You kill the hound!
Your Stealth skill increases to level 1!
Duvessa says, "Where magic fails, the sword succeeds!"
Duvessa hits you with a short sword.
You die...

###.# .... ## ...
.. ..# #.# #+##..
..# .... ...
######.####.#####
#.....<...e....)#
#.####.#.@†.....#
#(#..(.....#
#.#........#
..#........#
...######### )...
.... ...


You could see Duvessa.

Vanquished Creatures
  Menkaure (D:4)
  A hound (D:4)
  4 adders
  A giant gecko (D:3)
  A ball python (D:3)
  2 giant cockroaches (D:2)
  A goblin (D:2)
  7 hobgoblins
  3 kobolds (D:3)
  2 quokkas (D:2)
  2 bats
  A giant newt (D:2)
  3 rats (D:3)
29 creatures vanquished.

Notes
Turn   | Place    | Note
--------------------------------------------------------------
     0 | D:1      | yungnami the Hill Orc Gladiator began the quest for the Orb.
     0 | D:1      | Reached XP level 1. HP: 18/18 MP: 1/1
    77 | D:2      | Reached XP level 2. HP: 19/25 MP: 2/2
   182 | D:2      | Found a snail-covered altar of Cheibriados.
   270 | D:2      | Reached XP level 3. HP: 9/30 MP: 3/3
   643 | D:3      | Reached skill level 4 in Long Blades
   709 | D:3      | Reached XP level 4. HP: 34/37 MP: 4/4
   820 | D:4      | Noticed Menkaure
   824 | D:4      | Noticed Dowan
   827 | D:4      | Noticed Duvessa
   831 | D:4      | Killed Menkaure
   831 | D:4      | Reached skill level 1 in Armour
   831 | D:4      | Reached XP level 5. HP: 22/45 MP: 5/5
   837 | D:4      | Reached skill level 1 in Stealth
   837 | D:4      | Slain by Duvessa

Skill      XL: |  1  2  3  4  5 |
---------------+----------------+-----
Throwing       | 2 |  2.0
Long Blades    | 4 |  4.5
Dodging        | 3 |  3.7
Fighting       | 3 |  3.5
Armour         | 1 |  1.5
Stealth        | 1 |  1.0

Action                   |  1- 3 |  4- 6 || total
-------------------------+-------+-------++-------
Melee: Long sword        |    72 |    14 ||    86
Throw: Throwing net      |     1 |     2 ||     3
  Use: Scroll            |     4 |       ||     4
       Potion            |     1 |       ||     1
 Stab: Sleeping          |     1 |       ||     1
       Held in net/web   |       |     2 ||     2
Armor: Leather armour    |    28 |       ||    28
       Scale mail        |       |     5 ||     5
Dodge: Dodged            |    49 |     6 ||    55
